 Dungeon Crawl Stone Soup version 0.30.1 (webtiles) character file.

Game seed: 275935187180360351

4 thefarm the Stinger (level 1, 0/10 HPs)
             Began as a Gargoyle Venom Mage on July 6, 2023.
             Slain by a quokka (3 damage)
             ... on level 1 of the Dungeon.
             The game lasted 00:01:48 (125 turns).

thefarm the Stinger (Gargoyle Venom Mage)            Turns: 125, Time: 00:01:49

Health: 0/10       AC:  4    Str: 11    XL:     1   Next: 70%
Magic:  3/3        EV: 11    Int: 15    God:
Gold:   0          SH:  0    Dex: 10    Spells: 3/4 levels left

rFire   . . .        (no weapon)
rCold   . . .        (no shield)
rNeg    + . .        a - +0 robe
rPois   ∞            (no helmet)
rElec   +            (no cloak)
rCorr   .            (no gloves)
SInv    .            (no boots)
Will    .....        (no amulet)
Stlth   ++           (no ring)
HPRegen 0.21/turn    (no ring)
MPRegen 0.08/turn

%: no passive effects
@: no status effects
A: sickness immunity, AC +2, negative energy resistance 1, electricity
resistance, torment resistance 1, petrification resistance
a: no special abilities


You were on level 1 of the Dungeon.
You visited 1 branch of the dungeon, and saw 1 of its levels.

Inventory:

Armour
 a - a +0 robe (worn)
Jewellery
 c - an amulet of magic regeneration
Scrolls
 d - a scroll of vulnerability {unknown}
 e - a scroll of enchant armour {unknown}
 f - a scroll of identify {unknown}
Potions
 b - a potion of magic


   Skills:
 + Level 1.5 Dodging
 + Level 2.2 Stealth
 + Level 2.0 Spellcasting
 + Level 0.7 Transmutations
 + Level 3.3 Poison Magic


You had 3 spell levels left.
You knew the following spells:

 Your Spells              Type           Power      Damage    Failure   Level
a - Sting                 Tmut/Pois      28%        1d4       10%         1

Your spell library contained the following spells:

 Spells                   Type           Power      Damage    Failure   Level
 Poisonous Vapours        Pois/Air       12%        N/A       17%         2
 Mephitic Cloud           Conj/Pois/Air  4%         N/A       38%         3
 Olgreb's Toxic Radiance  Pois           11%        N/A       50%         4


Dungeon Overview and Level Annotations

Branches:
Dungeon (1/15)

Altars:


Innate Abilities, Weirdness & Mutations

You are immune to sickness and miasma.
Your stone body is resilient. (AC +2)
You are immune to poison.
You resist negative energy. (rN+)
You are resistant to electric shocks. (rElec)
You are resistant to unholy torment.
You are immune to petrification.


Message History

A bat is nearby!
Casting: Sting (safe; 10% risk of failure)
Confirm with . or Enter, or press ? or * to list all spells.
You don't know that spell.
Casting: Sting (safe; 10% risk of failure)
Confirm with . or Enter, or press ? or * to list all spells.
You don't know that spell.
Casting: Sting (safe; 10% risk of failure)
Confirm with . or Enter, or press ? or * to list all spells.
You don't know that spell.
The goblin shouts!
The bat hits you but does no damage.
A frilled lizard comes into view.
You barely miss the bat. The bat misses you.
You barely miss the bat. The bat closely misses you.
The bat hits you but does no damage.
You hit the bat but do no damage. The bat barely misses you.
The goblin closely misses you.
A quokka comes into view.
The bat barely misses you. The bat attacks as you move away!
The bat hits you but does no damage. x2
The bat hits you but does no damage. The bat misses you.
The goblin closely misses you.
You miss the goblin. The bat closely misses you.
The bat hits you but does no damage. The goblin hits you with a +0 dagger.
You hit the goblin.
The goblin is moderately wounded.
The quokka bites you. The goblin closely misses you.
You hit the goblin.
You kill the goblin!
The bat hits you but does no damage. The quokka misses you.
The quokka attacks as you move away!
The quokka bites you but does no damage.
The bat closely misses you.
You closely miss the bat. The bat hits you. The bat closely misses you.
The quokka bites you.
* * * LOW HITPOINT WARNING * * *
You barely miss the bat. The bat misses you. The quokka closely misses you.
The quokka bites you.
You die...

#... ### ######... ..
########....#...
######.###...#...........
.......#...#....++++'+...
.........######.+....+.##
....#..l.#####.+....+.##
#. #.#r.b...#.+..<.+.##
#b#@.......'....+...
..#......#.++++++.##
...#......###........
....#.............#...
###+##................#
#.................# #
########..........# #
#..........# #
#..........# #


You could see a quokka, a bat and a frilled lizard.

Vanquished Creatures
  A dart slug (D:1)
  A goblin (D:1)
  A kobold (D:1)
3 creatures vanquished.

Notes
Turn   | Place    | Note
-------+----------+-------------------------------------------
     0 | D:1      | thefarm the Gargoyle Venom Mage began the quest for the
                  | Orb.
     0 | D:1      | Reached XP level 1. HP: 10/10 MP: 3/3
   125 | D:1      | Slain by a quokka

Illustrated notes

Levels and vault maps discovered:
D:1:      lightli_arrival_maybe_door_vault, layout_basic

Action                     || total
---------------------------++-------
  Melee: Unarmed           ||    24
 Armour: Robe              ||    10
  Dodge: Dodged            ||    23
